 Dungeon Crawl Stone Soup version 0.16-a0-465-g631e55c (webtiles) character file.

592 Ololoev the Shield-Bearer (level 7, -6/66 HPs)
             Began as a Troll Monk on Sept 16, 2014.
             Was a Believer of Okawaru.
             Mangled by a wyvern (13 damage)
             ... on Level 5 of the Dungeon.
             The game lasted 00:09:42 (2748 turns).

Ololoev the Shield-Bearer (Troll Monk)              Turns: 2748, Time: 00:09:42

HP  -6/66        AC  6     Str 20      XL: 7   Next: 16%
MP   3/3         EV  9     Int  6      God: Okawaru [**....]
Gold 160         SH  9     Dex 12 (14) Spells:  0 memorised,  6 levels left

rFire  . . .     SeeInvis .       - Unarmed
rCold  . . .     Clarity  .     a - +0 robe
rNeg   . . .     rCorr    .     j - +0 shield
rPois  .         rRot     .     (helmet restricted)
rElec  .         Spirit   .     B - +0 cloak
SustAb .         Warding  .     (gloves unavailable)
rMut   .         Stasis   .     (boots unavailable)
Gourm  +                        (no amulet)
MR     .....                    t - cursed ring of stealth
                                w - +5 ring of slaying

@: not resistant to hostile enchantments, unstealthy
A: unfitting armour, claws 3, fast metabolism 3, gourmand, regeneration 2,
saprovore 2, shaggy fur 1, tough skin 2
a: Heroism, Renounce Religion


You were on level 5 of the Dungeon.
You worshipped Okawaru.
Okawaru was pleased with you.
You were very full.

You visited 1 branch of the dungeon, and saw 5 of its levels.

You collected 160 gold pieces.

Inventory:

Missiles
 f - 5 needles of slowing
 r - 3 javelins (quivered)
Armour
 a - a +0 robe (worn)
 j - a +0 shield (worn)
 B - a +0 cloak (worn)
Comestibles
 b - 2 meat rations
 o - a slice of pizza
 q - a bread ration
 v - 5 fruits
 z - a beef jerky
Scrolls
 n - 3 scrolls of remove curse
 p - a scroll of fear
 y - a scroll of blinking
Jewellery
 k - an uncursed ring of protection from fire
 m - an uncursed ring of flight
 t - a cursed ring of stealth (right claw)
 w - a +5 ring of slaying (left claw)
Potions
 c - a potion of heal wounds {unknown}
 d - 4 potions of curing
 g - a potion of resistance {unknown}
 h - a potion of mutation {unknown}
 i - 3 potions of magic
 l - 2 potions of haste
 s - 2 potions of might
 u - a potion of berserk rage {unknown}
 x - a potion of restore abilities {unknown}
 A - a potion of cure mutation {unknown}


   Skills:
 - Level 2.4 Fighting
 + Level 2.5 Throwing
 - Level 2.4 Dodging
 - Level 1.1 Stealth
 - Level 5.1 Shields
 + Level 5.0 Unarmed Combat


You had 6 spell levels left.
You didn't know any spells.

Dungeon Overview and Level Annotations

Branches:
Dungeon (5/15)
 Temple: D:4-7

Altars:
Fedhas
Gozag
Okawaru
Sif Muna
The Shining One

Shops:
D:4 (


Innate Abilities, Weirdness & Mutations

You are too large for most types of armour.
You have claws for hands.
Your metabolism is lightning-fast.
You like to eat raw meat.
You heal very quickly.
You can eat rotten meat.
You are covered in fur (AC +1).
You have very tough skin (AC +2).


Message History

You block the wyvern's attack.
You claw the wyvern!
The wyvern is severely wounded.
The wyvern bites you!
You barely miss the wyvern.
The wyvern is severely wounded.
You block the wyvern's attack. The wyvern bites you.
* * * LOW HITPOINT WARNING * * *
You scratch the wyvern.
The wyvern is almost dead.
The wyvern closely misses you.
You scratch the wyvern but do no damage.
The wyvern is almost dead.
You block the wyvern's attack.
You scratch the wyvern.
The wyvern is almost dead.
The wyvern bites you!
* * * LOW HITPOINT WARNING * * *
The wyvern bites you!
You die...

#.#..# #.#.##
#...# ###.###
#...########
##.#.$.......
#
#..(.%.######
##.#>..#.##
#.(D@###.#
#.....)# .#
#......# .#
#.#...## .. #
##.# #. .. .
###


You could see a wyvern (bleeding).

Vanquished Creatures
  An ice beast (D:5)
  An ogre (D:4)
  A phantom (D:5)
  A centaur (D:3)
  A scorpion (D:4)
  A quasit (D:5)
  A hound (D:3)
  4 gnolls (D:5)
  A worm (D:4)
  3 giant geckos
  2 orcs
  3 ball pythons
  9 bats
  7 giant cockroaches
  9 goblins
  10 hobgoblins
  5 jackals
  5 giant newts
  5 kobolds
  A quokka (D:5)
  6 rats
77 creatures vanquished.

Notes
Turn   | Place    | Note
--------------------------------------------------------------
     0 | D:1      | Ololoev, the Troll Monk, began the quest for the Orb.
     0 | D:1      | Reached XP level 1. HP: 22/22 MP: 1/1
   101 | D:1      | Reached skill level 1 in Throwing
   143 | D:1      | Reached XP level 2. HP: 27/29 MP: 1/1
   667 | D:2      | Reached XP level 3. HP: 36/36 MP: 2/2
   691 | D:2      | Found an opulent altar of Gozag.
  1015 | D:3      | Reached skill level 1 in Shields
  1044 | D:3      | Found a deep blue altar of Sif Muna.
  1044 | D:3      | Found a glowing golden altar of the Shining One.
  1172 | D:3      | Reached XP level 4. HP: 41/44 MP: 2/2
  1310 | D:3      | Found a blossoming altar of Fedhas.
  1395 | D:3      | Noticed a centaur
  1405 | D:3      | Killed a centaur
  1405 | D:3      | Reached XP level 5. HP: 26/50 MP: 2/2
  1576 | D:4      | Reached skill level 5 in Unarmed Combat
  2145 | D:4      | Noticed an ogre
  2151 | D:4      | Killed an ogre
  2151 | D:4      | Reached XP level 6. HP: 59/59 MP: 3/3
  2280 | D:4      | Found Uhistir's Antique Weapon Boutique.
  2351 | D:4      | Found a blossoming altar of Fedhas.
  2390 | D:4      | Found an iron altar of Okawaru.
  2397 | D:4      | Became a worshipper of Warmaster Okawaru
  2397 | D:4      | Acquired Okawaru's first power
  2490 | D:5      | Entered Level 5 of the Dungeon
  2736 | D:5      | Reached skill level 5 in Shields
  2736 | D:5      | Reached XP level 7. HP: 30/66 MP: 3/3
  2741 | D:5      | Noticed a wyvern
  2748 | D:5      | Mangled by a wyvern

Action                   |  1- 3 |  4- 6 |  7- 9 || total
-------------------------+-------+-------+-------++-------
Melee: Unarmed           |   125 |   111 |     7 ||   243
Throw: Javelin           |       |     3 |     1 ||     4
  Use: Scroll            |       |     8 |       ||     8
 Stab: Sleeping          |     1 |     2 |       ||     3
  Eat: Chunk             |    16 |    13 |       ||    29
